cohdb
Replays
Latest Replays
All Replays
Popular Replays
Top Player Replays
Match Explorer
How It Works
Community
CoH3 Stats
Reddit
Sign in to upload your games and track your stats! →
Sign in with Steam
Match 42276588
Unlisted
Match 42276588
Overview
Messages
Build Orders
End
Panzergrenadier Squad
Kradschützen Motorcycle Team
Panzergrenadier Squad
Construct Light Support Kompanie
Fire Support Elements
Flakvierling Half-track
Panzerjäger Squad
Selects Panzerjäger Kommand Battlegroup
Selects Mine Fields
Selects Tank Busters
Panzerjäger Mechanized Group
Vehicle Survival Package
Selects Defensive Positions
Flakvierling Half-track
2.5-tonne Medical Truck
Veteran Squad Leaders
Selects Crew Shock Tactics
Construct Panzerarmee Kommand
Pak 38 Mechanized Group
Selects Anti-tank Overwatch
Panzer III L Medium Tank
Anti-tank Overwatch
Rapid Advance
Selects Butterfly Bomb Drop
Emergency Repair Kits
Panzer III L Medium Tank
Butterfly Bomb Drop
Panzer III L Medium Tank
Butterfly Bomb Drop
Panzerjäger Squad
Panzer III L Medium Tank
Zoomer
Gn_Patton
belisarius
XXxxxGxxxXX
Sterben
kamacura
TheDRex
Goonsader
0
0
Comments
sign in to comment!
No comments posted yet!